 Dungeon Crawl Stone Soup version 0.21.1-1-g345015f (webtiles) character file.

593 glosham the Cleaver (level 7, -3/46 HPs)
             Began as an Octopode Berserker on Apr 6, 2018.
             Was a Believer of Trog.
             Slain by a wight
             ... wielding a +5 long sword
              (5 damage)
             ... on level 6 of the Dungeon.
             The game lasted 00:21:45 (1281 turns).

glosham the Cleaver (Octopode Berserker)            Turns: 1281, Time: 00:21:45

Health: -3/46      AC:  3    Str: 22 (23) XL:     7   Next: 39%
Magic:  7/7        EV: 13    Int:  7 (9)  God:    Trog [**....]
Gold:   82         SH:  0    Dex: 11 (12) Spells: 6/6 levels left

rFire    . . .     SeeInvis +   a - +0 hand axe
rCold    . . .     Gourm    .   (no shield)
rNeg     . . .     Faith    .   (helmet restricted)
rPois    .         Spirit   .   (no amulet)
rElec    .         Reflect  .   (no ring)
rCorr    .         Harm     .   (no ring)
MR       .....                  (no ring)
Stlth    ++........             (no ring)
HPRegen  0.15/turn              (no ring)
MPRegen  0.10/turn              (no ring)
                                (no ring)
                                (no ring)

@: mighty, berserk cooldown, hasted and slowed, drained
A: almost no armour, stealthy swim, amphibious, 8 rings, constrict 8, molten
scales 1, camouflage 1, see invisible, deterioration 1, gelatinous body 1
a: Berserk, Trog's Hand, Burn Spellbooks, Renounce Religion


You were on level 6 of the Dungeon.
You worshipped Trog.
Trog was pleased with you.
You were not hungry.

You visited 1 branch of the dungeon, and saw 6 of its levels.

You collected 82 gold pieces.

Inventory:

Hand Weapons
 a - a +0 hand axe (weapon)
 b - a +0 spear
Armour
 m - a +0 shield
Wands
 o - a wand of flame (28)
Scrolls
 e - 2 scrolls of immolation
 g - a scroll of teleportation
Potions
 k - a potion of curing
 l - a potion of berserk rage {!q}
Books
 i - a book of Conjurations

   Spells                             Type                      Level
   a - Magic Dart                     Conjuration                  1
   b - Searing Ray                    Conjuration                  2
   c - Dazzling Spray                 Conjuration/Hexes            3
   d - Fulminant Prism                Conjuration/Hexes            4
   e - Force Lance                    Conjuration/Translocation    4
   f - Iskenderun's Mystic Blast      Conjuration                  4
   Trog disapproves of the use of such an item.
Comestibles
 d - 5 rations
 f - 4 chunks of flesh


   Skills:
 - Level 3.0(1.9) Fighting
 * Level 8.3(7.1) Axes
 - Level 3.0(1.9) Dodging


You had 6 spell levels left.
You didn't know any spells.

Dungeon Overview and Level Annotations

Branches:
Dungeon (6/15)             Temple (0/1) D:6

Altars:
Cheibriados
Vehumet


Innate Abilities, Weirdness & Mutations

You cannot wear most types of armour.
You are very stealthy in the water. (Stealth+)
You are amphibious.
You can wear up to eight rings at the same time.
You can use your tentacles to constrict eight enemies at once.
Your skin changes colour to match your surroundings (Stealth+).
Your rubbery body absorbs attacks. (AC +1, EV +1)
You are partially covered in molten scales. (AC +2)
You have supernaturally acute eyesight. (SInv)
Your body sometimes deteriorates upon taking damage.


Message History

The wight closely misses you.
A wight comes into view. It is wielding an enchanted long sword.
You hit the wight. You squeeze the wight.
The wight is heavily damaged.
You constrict the wight.
The wight moves out of view.
The wight closely misses you.
You hit the wight.
The wight is almost destroyed.
You constrict the wight.
You destroy the wight!
Trog accepts your kill.
You feel your dexterity returning.
Okay, then.
You feel yourself speed up. The wight barely misses you.
It was a potion of degeneration.
There was something very wrong with that liquid.
You feel weakened.
You feel dopey.
You feel clumsy.
The wight hits you from afar with an enchanted spear.
You feel drained.
You feel very mighty all of a sudden. The wight barely misses you.
The wight hits you with an enchanted long sword.
* * * LOW HITPOINT WARNING * * *
The wight hits you with an enchanted spear.
* * * LOW HITPOINT WARNING * * *
You feel drained.
* * * LOW HITPOINT WARNING * * *
The wight hits you from afar with an enchanted halberd.
* * * LOW HITPOINT WARNING * * *
You feel drained.
Things that are here:
an enchanted great sword; a robe
Okay, then.
Okay, then.
Unknown command.
You closely miss the wight. You grab the wight. You squeeze the wight!
The wight is severely damaged.
You slash the wight! You constrict the wight.
The wight hits you with an enchanted long sword.
You die...

+.....z..# 8
#.......<# ###..z...#
#......# #
#......####### .#
#........÷...# ..#
#####'#......# ...#
#..).#......####....#
#†...#.....zz@..#
##...##+####z...#
##### #....# #....#
#....# #....# ######


You could see 3 wights.

Vanquished Creatures
  A sky beast (D:5)
  A big kobold (D:4)
  6 wights
  A bullfrog skeleton (D:5)
  An iguana (D:6)
  A hound skeleton (D:4)
  6 adders
  An ooze (D:4)
  An adder skeleton (D:5)
  A worm (D:4)
  2 dart slugs (D:3)
  3 leopard geckos
  7 orcs
  A giant cockroach (D:2)
  A goblin (D:1)
  3 hobgoblins
  5 jackals (D:3)
  4 kobolds
  2 quokkas
  A ball python (D:3)
  4 bats
  A frilled lizard (D:1)
  A leopard gecko skeleton (D:4)
  6 rats
61 creatures vanquished.

Vanquished Creatures (others)
  A kobold (D:2)
1 creature vanquished.

Grand Total: 62 creatures vanquished

Notes
Turn   | Place    | Note
-------+----------+-------------------------------------------
     0 | D:1      | glosham the Octopode Berserker began the quest for the Orb.
     0 | D:1      | Reached XP level 1. HP: 16/16 MP: 1/1
   124 | D:2      | Reached XP level 2. HP: 21/21 MP: 2/2
   187 | D:3      | Reached skill level 4 in Axes
   210 | D:3      | Reached XP level 3. HP: 16/26 MP: 3/3
   488 | D:2      | Reached ** piety under Trog
   506 | D:2      | Reached XP level 4. HP: 31/31 MP: 4/4
   595 | D:3      | Reached skill level 5 in Axes
   677 | D:4      | Found a radiant altar of Vehumet.
   704 | D:3      | Reached XP level 5. HP: 26/36 MP: 5/5
   706 | D:3      | Reached skill level 6 in Axes
   708 | D:3      | Reached XP level 6. HP: 31/42 MP: 6/6
   744 | D:3      | Gained mutation: You have supernaturally acute eyesight. (SInv) [potion of mutation]
   744 | D:3      | Gained mutation: Your body sometimes deteriorates upon taking damage. [potion of mutation]
   744 | D:3      | Gained mutation: You are partially covered in molten scales. (AC +2) [potion of mutation]
   884 | D:2      | Found a snail-covered altar of Cheibriados.
  1002 | D:4      | Reached skill level 7 in Axes
  1062 | D:5      | Entered Level 5 of the Dungeon
  1062 | D:5      | Noticed a sky beast
  1075 | D:5      | Killed a sky beast
  1075 | D:5      | Reached XP level 7. HP: 46/46 MP: 7/7
  1227 | D:6      | Found a staircase to the Ecumenical Temple.
  1249 | D:6      | Reached skill level 8 in Axes
  1280 | D:6      | HP: 1/46 [wight/enchanted halberd (4)]
  1281 | D:6      | Slain by a wight

Skill      XL: |  1  2  3  4  5  6  7 |
---------------+----------------------+-----
Axes           | 4 5 6 7 8 |  8.3
Fighting       | |  3.0
Dodging        | |  3.0

Action                   |  1- 3 |  4- 6 |  7- 9 || total
-------------------------+-------+-------+-------++-------
Melee: Hand axe          |    60 |    71 |    19 ||   150
       Tentacles         |    11 |    17 |     9 ||    37
       Constrict         |    18 |    14 |     5 ||    37
Invok: Berserk           |       |     2 |     1 ||     3
  Use: Scroll            |     4 |     5 |     2 ||    11
       Potion            |       |     1 |     3 ||     4
 Stab: Sleeping          |     6 |     2 |     1 ||     9
  Eat: Chunk             |       |     2 |     2 ||     4
Armor: Skin              |     2 |     5 |     1 ||     8
Dodge: Dodged            |    34 |    37 |    11 ||    82

Table legend:
 A = Turns spent in this place as a percentage of turns spent in the entire game.
 B = Non-inter-level travel turns spent in this place as a percentage of non-inter-level travel turns spent in the entire game.
 C = Inter-level travel turns spent in this place as a percentage of turns spent in this place.
 D = Turns resting spent in this place as a percentage of non-inter-level travel turns spent in this place.
 E = Turns spent auto-exploring this place as a percentage of non-inter-level travel turns spent in this place.
 F = Non-inter-level travel turns spent in this place divided by the number of levels of this place that you've seen.
                   A       B       C       D       E      F
               +-------+-------+-------+-------+-------+----------------------
         Total | 100.0 | 100.0 |  13.4 |   0.0 |   0.0 | 184.8
       Dungeon | 100.0 | 100.0 |  13.4 |   0.0 |   0.0 | 184.8
               +-------+-------+-------+-------+-------+----------------------

Table legend:
 A = Kills in this place as a percentage of kills in entire the game.
 B = Kills by you in this place as a percentage of kills by you in the entire game.
 C = Kills by friends in this place as a percentage of kills by friends in the entire game.
 D = Other kills in this place as a percentage of other kills in the entire game.
 E = Experience gained in this place as a percentage of experience gained in the entire game.
 F = Experience gained in this place divided by the number of levels of this place that you have seen.
                   A       B       C       D       E      F
               +-------+-------+-------+-------+-------+----------------------
         Total | 100.0 | 100.0 |   N/A |   N/A | 100.0 | 141.3
       Dungeon | 100.0 | 100.0 |   N/A |   N/A | 100.0 | 141.3
               +-------+-------+-------+-------+-------+----------------------

Vault maps used:
D:1:      giann_horns
D:2:      lemuel_coloured_pillars_altar, elyvilon_altar_4, uniq_terence
D:3:      serial_glass, glass_columns_a, glass_columns_a, glass_columns_c,
          glass_columns_a, glass_columns_a, glass_columns_b, glass_columns_a,
          glass_columns_a, item_on_display_a, minmay_strange_pillars
D:4:      nicolae_overflow_hidden_temple, first_ration, uniq_purgy
D:6:      old_standard_altar, minmay_temple_entry_statues_fountains,
          minivault_26
